 Dungeon Crawl Stone Soup version 0.27.1 (webtiles) character file.

Game seed: 14302683693929218553

15487 Descartes the Covert (level 12, -13/51 HPs)
             Began as a Spriggan Venom Mage on Aug 22, 2021.
             Was a Priest of Dithmenos.
             Shot with a bolt by an orc knight (21 damage)
             ... on level 2 of the Orcish Mines.
             The game lasted 01:27:03 (24102 turns).

Descartes the Covert (Spriggan Venom Mage)         Turns: 24102, Time: 01:27:04

Health: -13/51     AC:  3    Str:  5    XL:     12   Next: 1%
Magic:  16/20      EV: 25    Int: 19    God:    Dithmenos [***...]
Gold:   699        SH:  5    Dex: 17    Spells: 3/21 levels left

rFire    + + .     SeeInvis +   b - +0 hunting sling (flame)
rCold    . . .     Faith    .   (shield restricted)
rNeg     . . .     Spirit   .   J - +1 robe {Will+}
rPois    .         Reflect  +   (helmet restricted)
rElec    .         Harm     .   (no cloak)
rCorr    .         Rampage  .   (gloves unavailable)
Will     +++..                  (boots unavailable)
Stlth    +++++++...             H - amulet of reflection
HPRegen  0.17/turn              c - ring of protection from fire
MPRegen  0.17/turn              z - ring of protection from fire

@: wreathed by umbra, very quick
A: very small, no large weapons, unfitting armour, see invisible, speed 3
a: Renounce Religion, Shadow Step


You were on level 2 of the Orcish Mines.
You worshipped Dithmenos.
Dithmenos was most pleased with you.
You visited 4 branches of the dungeon, and saw 16 of its levels.

You collected 1155 gold pieces.
You spent 456 gold pieces at shops.

Inventory:

Hand Weapons
 a - the +8 dagger of Honour {speed, rF- rN+ Dex+4}
   (You found it on level 6 of the Dungeon)

   Attacks with this weapon are significantly faster.
   Dex:       It affects your dexterity (+4).
   rF:        It makes you vulnerable to fire.
   rN:        It protects you from negative energy.
 b - a +0 hunting sling of flaming (weapon)
 u - a +0 hand crossbow
 v - a +2 scimitar of electrocution
 B - a +0 short sword of holy wrath
 W - a +0 vorpal shortbow
Missiles
 d - 265 stones (quivered ammo)
 e - 212 arrows
 k - 63 poisoned darts
 o - 393 bolts
 s - 30 sling bullets
 I - 7 atropa-tipped darts
 P - a curare-tipped dart
 U - 8 boomerangs
Armour
 A - a +0 robe of resistance
 J - a +1 robe of willpower (worn)
 N - a +0 troll leather armour
 V - a +0 buckler
Jewellery
 c - a ring of protection from fire (left hand)
 l - a ring of resist corrosion
 z - a ring of protection from fire (right hand)
 G - a ring of magical power
 H - an amulet of reflection (around neck)
 R - a +6 ring of dexterity
Wands
 p - a wand of flame (30)
 M - a wand of charming (8)
 S - a wand of iceblast (4)
Scrolls
 f - a scroll of silence
 g - 2 scrolls of enchant armour
 h - 3 scrolls of amnesia
 j - 2 scrolls of vulnerability
 n - a scroll of holy word
 q - 2 scrolls of torment
 t - 2 scrolls of magic mapping
 x - 5 scrolls of teleportation
 L - 2 scrolls of immolation
 Q - a scroll of identify
 T - a scroll of fear
Potions
 i - a potion of flight
 m - a potion of might
 r - 2 potions of brilliance
 w - 5 potions of curing
 y - a potion of cancellation
 D - a potion of heal wounds
 E - 2 potions of berserk rage
 F - 2 potions of attraction
 K - a potion of invisibility
Miscellaneous
 O - a phantom mirror


   Skills:
 - Level 5.0 Short Blades
 - Level 5.0 Slings
 - Level 11.9 Dodging
 - Level 12.6 Stealth
 + Level 3.5 Shields
 - Level 5.0 Spellcasting
 - Level 5.0 Hexes
 - Level 5.0 Translocations
 - Level 1.3 Transmutations
 - Level 10.0 Poison Magic
 - Level 5.0 Invocations
 - Level 5.0 Evocations


You had 3 spell levels left.
You knew the following spells:

 Your Spells              Type           Power      Damage    Failure   Level
a - Sting                 Tmut/Pois      100%       1d8       1%          1
b - Olgreb's Toxic Radia  Pois           42%        N/A       1%          4
c - Poisonous Vapours     Pois/Air       46%        N/A       2%          2
d - Confusing Touch       Hex            23%        N/A       4%          3
e - Disjunction           Tloc           11%        N/A       100%        8

Your spell library contained the following spells:

 Spells                   Type           Power      Damage    Failure   Level
 Slow                     Hex            23%        N/A       2%          2
 Mephitic Cloud           Conj/Pois/Air  17%        N/A       10%         3
 Freeze                   Ice            16%        1d4       12%         1
 Frozen Ramparts          Ice            8%         1d2       36%         3
 Vampiric Draining        Necr           2%         2d6       36%         3
 Hailstorm                Conj/Ice       4%         3d4       77%         4
 Dispersal                Tloc           11%        N/A       94%         6
 Ozocubu's Refrigeration  Ice            2%         4d5       100%        7
 Ignition                 Fire           2%         3d3       100%        8


Dungeon Overview and Level Annotations

Branches:
Dungeon (12/15)            Temple (1/1) D:6            Lair (1/6) D:10
    Orc (2/2) D:11
    Elf: Orc:2

Altars:
Ashenzari
Cheibriados
Dithmenos
Elyvilon
Fedhas
Gozag
Hepliaklqana
Kikubaaqudgha
Makhleb
Nemelex Xobeh
Okawaru
Qazlal
Ru
Sif Muna
Trog
Uskayaw
Vehumet
Wu Jian
Xom
Yredelemnul
Zin
The Shining One
Beogh

Shops:
D:4 (   D:7 !   D:11 [   Orc:1 ?[*:

Annotations:
D:9 2 runed translucent doors, exclusions: orange crystal statue and 2 slime creatures
D:10 exclusion: downstairs
D:12 ! sonja catoblast deep elf slimes, exclusion: deep elf pyromancer, Sonja


Innate Abilities, Weirdness & Mutations

You are very small and have problems with some larger weapons.
You are too small for most types of armour.
You have supernaturally acute eyesight. (SInv)
You cover ground extremely quickly. (Speed+++)


Message History

Confirm with . or Enter, or press ? or * to list all spells.
Aiming: Poisonous Vapours (safe; 2% risk of failure)
Press: ? - help, Dir - move target, f/p - orc knight
Aim: an orc knight, wielding a +0 arbalest and quivering bolts (lightly wounded, very poisoned) Poisonous vapours surround the orc knight!
The orc knight looks as sick as possible!
The orc knight shoots a bolt.
The bolt completely misses you.
Casting: Poisonous Vapours (safe; 2% risk of failure)
Confirm with . or Enter, or press ? or * to list all spells.
Okay, then.
You shoot a stone.
The stone closely misses the orc knight.
The orc knight shoots a bolt.
The bolt closely misses you.
You shoot a stone. The stone barely misses the orc knight.
You shoot a stone. The stone hits the orc knight.
The stone burns the orc knight.
The orc knight is moderately wounded.
The orc knight shoots a bolt.
The bolt completely misses you.
You shoot a stone.
The stone hits the orc knight but does no damage.
The orc knight is moderately wounded.
The orc knight shoots a bolt.
The bolt closely misses you.
You shoot a stone. The stone misses the orc knight.
You shoot a stone. The stone hits the orc knight.
The stone burns the orc knight.
The orc knight is heavily wounded.
You shoot a stone. The stone barely misses the orc knight.
You shoot a stone.
The stone completely misses the orc knight.
The orc knight shoots a bolt.
The bolt closely misses you.
You shoot a stone. The stone barely misses the orc knight.
The orc knight shoots a bolt.
The bolt misses you.
You shoot a stone.
The stone closely misses the orc knight.
The orc knight shoots a bolt.
The bolt hits you!!
Ouch! That really hurt!
* * * LOW HITPOINT WARNING * * *
You emit a cloud of dark smoke.
The orc knight shoots a bolt.
The bolt hits you!!
You die...

# ### # #.# ### ##.###
..## ###....#### ...##
#.##...##.## ....###
##..........#
...#..###(.((...#§§.#####
........##(.).o§@§......#
...............§§§......#
......#......(#§§§..._..#
#.....#.....).#.........#
##..........###.........#
#........(.#.###........#
.......................##
#
......................^.#
.
........)...#############
#


You could see an orc knight (very poisoned).

Vanquished Creatures
  4 two-headed ogres
  Pikel (D:6)
  A deep elf pyromancer (D:10)
  3 cyclopes
  A manticore (D:11)
  4 centaur zombies
  2 vault sentinels (D:7)
  2 kobold demonologists (D:11)
  3 trolls
  Prince Ribbit (D:6)
  A hornet (D:10)
  A meliai zombie (D:11)
  A shadow (D:11)
  Sigmund (D:4)
  A vampire (D:12)
  8 yaks
  2 wargs (Orc:1)
  Edmund (D:4)
  An acid dragon (D:10)
  An ice beast (D:6)
  2 black bears
  14 orc warriors
  A sky beast (D:5)
  4 ogres
  A necrophage (D:4)
  8 centaurs
  A phantom (D:5)
  5 bullfrogs
  4 kobold brigands
  A gnoll sergeant (D:6)
  A scorpion (D:5)
  A killer bee (D:10)
  4 wights (D:5)
  2 howler monkeys (D:11)
  2 jellies (D:7)
  7 hounds
  7 orc priests
  3 iguanas (D:5)
  11 orc wizards
  A hound skeleton (D:5)
  A howler monkey zombie (D:9)
  5 adders
  8 gnolls
  A howler monkey skeleton (D:6)
  A shadow imp (D:4)
  An ufetubus (D:7)
  An adder skeleton (D:4)
  3 dart slugs
  62 orcs
  3 ball pythons
  5 endoplasms
  4 giant cockroaches
  9 goblins
  4 hobgoblins
  2 quokkas (D:2)
  7 bats
  2 frilled lizards
  25 kobolds
  2 rats
266 creatures vanquished.

Notes
Turn   | Place    | Note
-------+----------+-------------------------------------------
     0 | D:1      | Descartes the Spriggan Venom Mage began the quest for the
                  | Orb.
     0 | D:1      | Reached XP level 1. HP: 9/9 MP: 5/5
   486 | D:1      | Reached XP level 2. HP: 13/13 MP: 4/6
  1217 | D:1      | Found a faded altar of an unknown god.
  1563 | D:2      | Reached skill level 4 in Stealth
  1563 | D:2      | Reached XP level 3. HP: 16/16 MP: 5/8
  1852 | D:2      | Reached XP level 4. HP: 21/21 MP: 2/9
  2542 | D:2      | Learned a level 4 spell: Olgreb's Toxic Radiance
  2890 | D:3      | Reached skill level 5 in Stealth
  3167 | D:3      | Reached XP level 5. HP: 24/24 MP: 6/10
  4060 | D:4      | Noticed a yak
  4060 | D:4      | Noticed a yak
  4060 | D:4      | Noticed a yak
  4062 | D:4      | Noticed a yak
  4137 | D:3      | Killed a yak
  4138 | D:3      | Reached skill level 5 in Dodging
  4138 | D:3      | Reached skill level 6 in Stealth
  4138 | D:3      | Reached XP level 6. HP: 18/28 MP: 0/11
  4273 | D:4      | HP: 1/28 [yak (6)]
  4641 | D:3      | Killed a yak
  4742 | D:3      | Killed a yak
  4743 | D:3      | Reached skill level 7 in Stealth
  4743 | D:3      | Reached skill level 5 in Poison Magic
  4743 | D:3      | Reached XP level 7. HP: 32/32 MP: 5/12
  4861 | D:3      | Killed a yak
  4944 | D:4      | Noticed Edmund
  5072 | D:4      | Found Laovuuqo's Antique Weapon Shoppe.
  5499 | D:4      | Reached skill level 8 in Stealth
  5684 | D:4      | Killed Edmund
  5685 | D:4      | Reached XP level 8. HP: 36/36 MP: 2/13
  5864 | D:4      | Noticed Sigmund
  5897 | D:4      | Learned a level 2 spell: Poisonous Vapours
  5935 | D:4      | Killed Sigmund
  5936 | D:4      | Reached skill level 5 in Evocations
  6090 | D:5      | Entered Level 5 of the Dungeon
  6605 | D:5      | Reached skill level 9 in Stealth
  7377 | D:5      | Found a hazy altar of Hepliaklqana.
  7380 | D:5      | Found a shadowy altar of Dithmenos.
  7387 | D:5      | Became a worshipper of Dithmenos the Shadowed
  7639 | D:6      | Reached skill level 1 in Slings
  7853 | D:5      | Reached skill level 10 in Stealth
  8052 | D:6      | Reached XP level 9. HP: 34/39 MP: 1/14
  8212 | D:6      | Noticed Prince Ribbit
  8240 | D:6      | Killed Prince Ribbit
  8924 | D:6      | Found a staircase to the Ecumenical Temple.
  8953 | Temple   | Entered the Ecumenical Temple
  9973 | D:6      | Identified the +8 dagger of Honour {speed, rF- rN+ Dex+4}
 10539 | D:7      | Learned a level 3 spell: Confusing Touch
 11106 | D:7      | Noticed a vault sentinel
 11106 | D:7      | Noticed a vault sentinel
 11486 | D:7      | Found Jamu's Distillery.
 11497 | D:7      | Bought a potion of degeneration for 15 gold pieces
 11497 | D:7      | Bought a potion of curing for 45 gold pieces
 11497 | D:7      | Bought a potion of attraction for 45 gold pieces
 11580 | D:7      | Reached skill level 1 in Hexes
 11958 | D:6      | Reached * piety under Dithmenos
 13359 | D:8      | Reached skill level 5 in Slings
 13359 | D:8      | Reached skill level 10 in Dodging
 14182 | D:9      | Reached skill level 1 in Short Blades
 14349 | D:9      | Found a runed translucent door.
 14356 | D:9      | Found the +10 tower shield of Ignorance {rN+ Int-4}
 14381 | D:9      | Found a runed translucent door.
 14445 | D:9      | Reached XP level 10. HP: 44/44 MP: 17/17
 14564 | D:9      | Reached skill level 1 in Invocations
 14605 | D:9      | Reached skill level 5 in Spellcasting
 14831 | D:9      | Reached ** piety under Dithmenos
 15092 | D:9      | Noticed an orange crystal statue
 15565 | D:7      | Noticed Pikel
 15631 | D:6      | Killed Pikel
 15812 | D:7      | Killed a vault sentinel
 15943 | D:7      | Killed a vault sentinel
 15944 | D:7      | Reached skill level 5 in Hexes
 16082 | D:7      | Found the +18 shield of the Gong {rElec rN+ Will+ EV-5}
 16185 | D:10     | Entered Level 10 of the Dungeon
 16404 | D:10     | Noticed a cyclops
 16420 | D:9      | Killed a cyclops
 16942 | D:10     | Found a staircase to the Lair.
 17347 | D:10     | Reached skill level 5 in Short Blades
 17779 | D:10     | Noticed a deep elf pyromancer
 17857 | D:10     | Killed a deep elf pyromancer
 17858 | D:10     | Reached skill level 5 in Invocations
 17858 | D:10     | Reached XP level 11. HP: 23/47 MP: 14/19
 18767 | D:10     | Noticed a two-headed ogre
 18807 | D:10     | Killed a two-headed ogre
 18808 | D:10     | Reached skill level 10 in Poison Magic
 18817 | D:10     | Learned a level 8 spell: Disjunction
 19063 | Lair:1   | Entered Level 1 of the Lair of Beasts
 19063 | Lair:1   | Noticed an eight-headed hydra
 19240 | D:11     | Noticed a two-headed ogre
 19285 | D:11     | Killed a two-headed ogre
 19286 | D:11     | Reached skill level 5 in Translocations
 19449 | D:11     | Noticed a two-headed ogre
 19486 | D:11     | Killed a two-headed ogre
 19487 | D:11     | Reached skill level 11 in Stealth
 19577 | D:11     | Found a staircase to the Orcish Mines.
 19588 | D:11     | Found Omoodoeg's Armour Shop.
 20626 | D:12     | Noticed Sonja
 20629 | D:12     | Reached skill level 12 in Stealth
 20661 | D:12     | Noticed a deep elf pyromancer
 20772 | D:12     | Noticed a catoblepas
 21048 | Orc:1    | Entered Level 1 of the Orcish Mines
 21048 | Orc:1    | Found Ohoshir's General Store.
 21054 | Orc:1    | Bought a scroll of identify for 34 gold pieces
 21054 | Orc:1    | Bought a potion of brilliance for 68 gold pieces
 21054 | Orc:1    | Bought a wand of iceblast (4) for 136 gold pieces
 21054 | Orc:1    | Bought a scroll of fear for 59 gold pieces
 21169 | Orc:1    | Found Ojuotz's Book Emporium.
 21173 | Orc:1    | Reached *** piety under Dithmenos
 21277 | Orc:1    | Found Jeilag's Weapon Shop.
 21282 | Orc:1    | Found Xaguarat's Armour Boutique.
 21921 | Orc:1    | Bought a +0 buckler for 54 gold pieces
 21934 | Orc:2    | Entered Level 2 of the Orcish Mines
 21971 | Orc:1    | Noticed a two-headed ogre
 21999 | Orc:2    | Killed a two-headed ogre
 22000 | Orc:2    | Reached skill level 1 in Shields
 22091 | Orc:1    | Found Yniunwan's Magic Scroll Shop.
 22399 | Orc:2    | HP: 2/47 [orc warrior/bolt (23)]
 23263 | Orc:2    | Reached XP level 12. HP: 42/51 MP: 13/20
 24102 | Orc:2    | Shot with a bolt by an orc knight

Illustrated notes

Levels and vault maps discovered:
D:1:      lightli_arrival_statue_moat, layout_loops_ring,
          ebering_ecumenical_altar_ruins, kennysheep_small_spiral
D:2:      layout_rooms, guppyfry_early_lair_pool
D:3:      layout_loops_ring
D:4:      layout_rooms, serial_shops, kennysheep_mini, chequers_mini_garden,
          serial_bayou_pond_d, sigmund_edmund_badplayer
D:5:      layout_loops_ring, riverfiend_overflow_shadow_ancestor
D:6:      layout_rooms, temple_statues, uniq_prince_ribbit1
D:7:      layout_loops_cross, serial_shops, nicolae_lakefront_shop,
          hellmonk_guarded_unrand_gong, uniq_pikel
D:8:      layout_basic
D:9:      layout_irregular_city, chequers_serial_rivers_micro_a,
          chequers_guarded_unrand_ignorance
D:10:     layout_loops_cross, lair_entry_dummy, serial_bayou_pond_c,
          minmay_mirror_moons_of_madness
D:11:     layout_loops_ring, orc_0_dummy, serial_shops, shop, chequers_jeans
D:12:     layout_roguey, wad_rectangle_vault, uniq_sonja
Temple:   regret_index_temple_chain_breaker
Lair:1:   layout_cave_shapes, uniq_harold, uniq_gastronok, uniq_fannar
Orc:1:    layout_caves, serial_shops, shop, shop, shop, shop_coins,
          guppyfry_orc_lava_fort
Orc:2:    st_orc_rangers, layout_diamond_mine, basic_altar, minmay_orc_barracks

Skill      XL: |  1  2  3  4  5  6  7  8  9 10 11 |
---------------+----------------------------------+-----
Dodging        | 3 4 5 6 7 8 10 11 | 11.9
Stealth        | 4 5 6 7 8 10 12 | 12.6
Poison Magic   | 4 5 7 8 9 10 | 10.0
Evocations     | 2 3 4 5 |  5.0
Slings         | 2 5 |  5.0
Spellcasting   | 4 5 |  5.0
Hexes          | 3 5 |  5.0
Short Blades   | 1 5 |  5.0
Invocations    | 5 |  5.0
Translocations | 5 |  5.0
Shields        | 3 |  3.5
Transmutations | |  1.3

Action                   |  1- 3 |  4- 6 |  7- 9 | 10-12 || total
-------------------------+-------+-------+-------+-------++-------
Melee: Dagger            |       |     8 |    24 |    40 ||    72
       Short sword       |       |       |    49 |   122 ||   171
 Fire: Hunting sling     |       |       |   260 |   168 ||   428
 Cast: Sting             |    60 |   106 |   114 |    32 ||   312
       Olgreb's Toxic Ra |       |     2 |    28 |    33 ||    63
       Poisonous Vapours |       |       |    66 |   146 ||   212
Evoke: Wand              |       |       |     1 |     6 ||     7
       Phantom mirror    |       |       |       |     1 ||     1
  Use: Potion            |       |     1 |       |     1 ||     2
       Scroll            |       |       |    15 |     2 ||    17
 Stab: Sleeping          |       |       |     2 |     5 ||     7
       Distracted        |       |       |       |     1 ||     1
Armor: Robe              |     7 |     1 |     9 |    27 ||    44
Dodge: Dodged            |    12 |    39 |   126 |   236 ||   413
Block: Other             |       |       |     1 |    51 ||    52
       Reflection        |       |       |       |    17 ||    17
